 Dungeon Crawl Stone Soup version 0.25.1-9-gc5326a611f (webtiles) character file.

Game seed: 14896315306922414506

83345 AlexTheUnready the Severer (level 15, -5/100 HPs)
             Began as a Hill Orc Gladiator on Nov 9, 2023.
             Was an Elder of Beogh.
             Killed from afar by a raiju (12 damage)
             ... with a living lightning
             ... on level 2 of the Abyss on Nov 10, 2023.
             The game lasted 01:20:57 (33266 turns).

AlexTheUnready the Severer (Hill Orc Gladiator)    Turns: 33266, Time: 01:20:58

Health: -5/100     AC: 30    Str: 23    XL:     15   Next: 76%
Magic:  20/20      EV:  6    Int:  7    God:    Beogh [****..]
Gold:   1250       SH: 12    Dex: 12    Spells: 14/14 levels left

rFire    . . .     SeeInvis .   h - +2 war axe (holy)
rCold    . . .     Gourm    .   x - +2 kite shield
rNeg     . . .     Faith    +   J - +0 plate armour
rPois    .         Spirit   .   c - +0 helmet
rElec    .         Reflect  .   i - +2 cloak
rCorr    .         Harm     .   E - +2 pair of gloves {Str+3}
MR       +++..                  H - +0 pair of boots
Stlth    ..........             W - amulet of faith
HPRegen  0.00/turn              N - +4 ring of protection
MPRegen  0.17/turn              g - ring of the Mage {Wiz MR++ Int+3}

@: non-regenerating, diseased
A: [blurry vision 3], [dopey 2], [frail 3], [low mp 2], [screaming 2], [weak 2]
a: Smiting, Recall Orcish Followers, Renounce Religion


You were on level 2 of the Abyss.
You worshipped Beogh.
Beogh was greatly pleased with you.
You were not hungry.

You visited 5 branches of the dungeon, and saw 23 of its levels.
You visited the Abyss 1 time.
You also visited: Ossuary and Gauntlet.

You collected 1446 gold pieces.
You spent 196 gold pieces at shops.

Inventory:

Hand Weapons
 h - a +2 war axe of holy wrath (weapon)
 j - a +0 trident
 k - a +0 glaive
 B - the cursed +1 trident "Killer Klown's Doom" {vamp, MR+ Int+6, unknown}
   (You found it on level 5 of the Lair of Beasts)

   It inflicts no extra harm, but heals its wielder when it wounds a living foe.
   It affects your intelligence (+6).
   It affects your resistance to hostile enchantments.
   It has a curse placed upon it.
Missiles
 d - 4 throwing nets
 s - 18 boomerangs (quivered)
 G - 11 silver javelins
 I - 24 poisoned darts
 L - a boomerang of dispersal
 T - 4 atropa-tipped darts
Armour
 c - a +0 helmet (worn)
 i - a +2 cloak (worn)
 u - a scarf of resistance
 x - a +2 kite shield (worn)
 E - a +2 pair of gloves of strength (worn)
 H - a +0 pair of boots (worn)
 J - a +0 plate armour (worn)
Jewellery
 a - the ring "Gohomad" {+Fly rF+}
   (You found it on level 9 of the Dungeon)

   [ring of flight]

   It protects you from fire.
   It lets you fly.
 b - a +6 ring of strength
 g - the ring of the Mage (right hand) {Wiz MR++ Int+3}
   (You found it on level 5 of the Lair of Beasts)

   [ring of wizardry]

   It improves your spell success rate.
   It affects your intelligence (+3).
   It affects your resistance to hostile enchantments.
 l - an uncursed amulet of regeneration
 N - a +4 ring of protection (left hand)
 S - an uncursed ring of fire
 W - an amulet of faith (around neck)
 Z - an uncursed ring of poison resistance
Wands
 r - a wand of polymorph (8)
 t - a wand of digging (7)
 U - a wand of iceblast (10)
Scrolls
 m - 21 scrolls of remove curse
 o - 6 scrolls of teleportation
 p - 2 scrolls of fog
 A - 5 scrolls of blinking
Potions
 e - 5 potions of magic
 n - 2 potions of invisibility
 q - 7 potions of haste
 v - 3 potions of curing
 z - 3 potions of cancellation
 K - 2 potions of might
Comestibles
 f - 27 rations


   Skills:
 + Level 15.6 Fighting
 - Level 18.0 Axes
 + Level 7.4 Throwing
 + Level 13.7 Armour
 - Level 2.4 Dodging
 + Level 5.5 Shields
 * Level 14.1 Invocations
 - Level 1.2 Evocations


You had 14 spell levels left.
You didn't know any spells.
Your spell library contained the following spells:

 Spells                   Type           Power        Failure   Level  Hunger
 Foxfire                  Conj/Fire      #...         99%         1    ##.....
 Magic Dart               Conj           #...         99%         1    ##.....
 Shock                    Conj/Air       #...         99%         1    ##.....
 Summon Butterflies       Summ           #.......     99%         1    ##.....
 Blink                    Tloc           N/A          100%        2    ###....
 Call Imp                 Summ           #.......     100%        2    ###....
 Corpse Rot               Necr/Air       N/A          100%        2    ###....
 Searing Ray              Conj           #.....       100%        2    ###....
 Slow                     Hex            #.......     100%        2    ###....
 Sublimation of Blood     Necr           #.........   100%        2    ###....
 Call Canine Familiar     Summ           #.......     100%        3    ####...
 Conjure Flame            Conj/Fire      #.......     100%        3    ####...
 Dazzling Flash           Conj/Hex       #.....       100%        3    ####...
 Ignite Poison            Fire/Tmut/Pois #.......     100%        3    ####...
 Mephitic Cloud           Conj/Pois/Air  #.......     100%        3    ####...
 Cause Fear               Hex            #.........   100%        4    #####..
 Dispel Undead            Necr           #.......     100%        4    #####..
 Fulminant Prism          Conj/Hex       #.........   100%        4    #####..
 Iskenderun's Mystic Bla  Conj/Tloc      #.......     100%        4    #####..
 Summon Ice Beast         Ice/Summ       #.......     100%        4    #####..
 Agony                    Necr           #.......     100%        5    ######.
 Blade Hands              Tmut           #.........   100%        5    ######.
 Bolt of Magma            Conj/Fire/Erth #.........   100%        5    ######.
 Excruciating Wounds      Chrm/Necr      #.........   100%        5    ######.
 Fireball                 Conj/Fire      #.........   100%        5    ######.
 Iskenderun's Battlesphe  Conj/Chrm      #.......     100%        5    ######.
 Silence                  Hex/Air        #.........   100%        5    ######.
 Summon Mana Viper        Hex/Summ       #.......     100%        5    ######.
 Yara's Violent Unravell  Hex/Tmut       #.........   100%        5    ######.
 Darkness                 Hex            #.........   100%        6    #######
 Iron Shot                Conj/Erth      #.........   100%        6    #######
 Starburst                Conj/Fire      #.........   100%        6    #######
 Orb of Destruction       Conj           #.........   100%        7    #######
 Ring of Flames           Chrm/Fire      #.........   100%        7    #######
 Spellforged Servitor     Conj/Summ      #.........   100%        7    #######
 Summon Hydra             Summ           #.........   100%        7    #######
 Discord                  Hex            #.........   100%        8    #######
 Ignition                 Fire           #.........   100%        8    #######


Dungeon Overview and Level Annotations

Branches:
Dungeon (12/15)            Temple (1/1) D:5            Lair (6/6) D:9
 Shoals (1/4) Lair:2       Spider (3/4) Lair:2        Slime (0/5) Lair:5
    Orc (0/2) D:12        Ossuary (visited)         Gauntlet (visited)

Altars:
Ashenzari
Cheibriados
Dithmenos
Elyvilon
Fedhas
Gozag
Hepliaklqana
Kikubaaqudgha
Makhleb
Nemelex Xobeh
Okawaru
Qazlal
Ru
Sif Muna
Trog
Uskayaw
Vehumet
Wu Jian
Xom
Yredelemnul
Zin
The Shining One
Jiyva

Shops:
D:4 }}*

Annotations:
D:12 2 transporters, Thomus's ghost, journeyman DECj
Lair:5 exclusion: oklob plant


Innate Abilities, Weirdness & Mutations

[Scrolls take you much longer to read.]
[You are very dopey. (Int -4)]
[You are extremely frail. (-30% HP)]
[Your magical capacity is very low. (-20% MP)]
[You sometimes yell uncontrollably at your foes.]
[You are very weak. (Str -4)]


Message History

Really read with blurry vision while enemies are nearby?
Okay, then.
Okay, then.
There are monsters nearby!
Unknown command.
Unknown command.
There are monsters nearby!
Unknown command.
Really read with blurry vision while enemies are nearby?
The raiju bursts into living lightning!
The living lightning hits the raiju.
The raiju completely resists.
The living lightning hits you.
* * * LOW HITPOINT WARNING * * *
The living lightning misses you.
The raiju blinks! x4
You block the raiju's attack. x2
You begin reading the scroll.
You continue reading the scroll.
You feel ill.
The raiju bursts into living lightning!
The living lightning hits you!
You die...

# . . . ##. # ##
# # #####.### #.#
..........##..###
...#.. ... ##. ##
#
#X..3##.##.##...#
.3#h#.#...... ##
#h##..h.#... #. .
#@#.X.###.#..#
.#.
##h###.Lx..#..# #
##3# #...#.#..#
#x.x ... ###
##....# ....# #..


You could see an ancient zyme, a large abomination (wandering), 2 smoke demons,
3 raiju and a neqoxec.

Vanquished Creatures
  Rupert (Lair:6)
  An emperor scorpion (Spider:1)
  An entropy weaver (Spider:2)
  A very ugly thing (Abyss:2)
  A green draconian (Abyss:2)
  A dire elephant (Lair:6)
  A minotaur (Gauntlet)
  A fire dragon (Lair:2)
  A rakshasa (Abyss:2)
  2 hydras
  An anaconda (shapeshifter) (Gauntlet)
  A catoblepas (Lair:6)
  A deep troll shaman (Lair:6)
  2 two-headed ogres
  8 death yaks
  A flayed ghost (Abyss:2)
  A sixfirhy (Abyss:2)
  A wretched star (Abyss:2)
  An unseen horror (D:11)
  A wizard (Gauntlet)
  A harpy (shapeshifter) (D:10)
  A harpy (Shoals:1)
  16 wolf spiders
  7 orb spiders
  An ugly thing (D:11)
  A manticore (D:11)
  A moth of wrath (Spider:3)
  8 elephants
  Joseph (D:10)
  4 torpor snails
  3 black mambas
  A rust devil (Gauntlet)
  2 gargoyles
  5 spiny frogs
  2 centaur skeletons
  3 komodo dragons
  6 demonic crawlers
  5 trolls
  An ancient zyme (Abyss:2)
  2 merfolk (Shoals:1)
  22 jumping spiders
  A polar bear (Lair:6)
  A hornet (Spider:1)
  3 slime creatures
  2 dream sheep (Lair:6)
  7 blink frogs
  5 hippogriffs
  24 redbacks
  Sigmund (D:4)
  13 tarantellas
  A ynoxinul (Gauntlet)
  3 water elementals (Shoals:1)
  3 hogs (D:8)
  19 yaks
  Eustachio (D:4)
  3 wraiths
  3 basilisks
  A human (D:8)
  2 steam dragons
  A yak (shapeshifter) (Gauntlet)
  A hungry ghost (D:9)
  A vampire mosquito (D:12)
  Edmund (D:6)
  Duvessa (D:4)
  5 water moccasins
  A soldier ant (D:11)
  2 small abominations (Abyss:2)
  11 porcupines
  2 ice beasts
  3 black bears
  10 starcursed masses (Abyss:2)
  3 phantoms
  A necrophage (D:8)
  A sky beast (D:9)
  7 ogres
  8 wolves
  5 crocodiles
  3 centaurs
  Blork the orc (D:3)
  3 big kobolds
  13 bullfrogs
  A wyvern skeleton (D:11)
  Dowan (D:4)
  2 scorpions
  7 wights
  3 howler monkeys
  2 electric eels (Spider:2)
  6 crimson imps
  A centaur zombie (D:5)
  A quasit (D:7)
  4 jellies
  6 orc wizards
  A bullfrog skeleton (D:8)
  A bullfrog zombie (D:10)
  6 orc priests
  6 hounds
  2 iron imps (Gauntlet)
  Jessica (D:3)
  3 iguanas
  8 worker ants
  A killer bee zombie (D:8)
  A hound skeleton (D:5)
  3 worker ant zombies
  3 gnolls (D:10)
  19 adders
  6 shadow imps
  2 white imps (Gauntlet)
  3 oozes (D:3)
  3 adder zombies (Ossuary)
  3 adder skeletons
  2 worms (D:3)
  2 dart slugs (D:2)
  7 leopard geckos
  37 orcs
  12 bats
  9 giant cockroaches
  7 hobgoblins
  25 jackals
  2 quokkas
  2 ball pythons (D:2)
  7 frilled lizards
  A giant cockroach zombie (D:6)
  14 goblins
  A hobgoblin skeleton (Ossuary)
  2 hobgoblin zombies (Ossuary)
  A jackal skeleton (D:8)
  A jackal zombie (D:7)
  18 kobolds
  3 kobold zombies (Ossuary)
  3 leopard gecko skeletons
  A leopard gecko zombie (D:5)
  7 rats
  6 fungi
  2 plants
577 creatures vanquished.

Vanquished Creatures (collateral kills)
  An emperor scorpion (Spider:1)
  An entropy weaver (Spider:3)
  2 slime creatures
  A hydra (Lair:6)
  Erica (Lair:1)
  2 death yaks
  2 orb spiders (Spider:3)
  A manticore (Lair:2)
  2 ugly things
  7 elephants
  A black mamba (Lair:4)
  4 spiny frogs
  A centaur skeleton (D:11)
  2 komodo dragons
  A polar bear (Lair:6)
  3 blink frogs
  A hippogriff (Lair:2)
  3 dream sheep (Lair:6)
  10 yaks
  A basilisk (Lair:2)
  2 vampire mosquitoes (D:12)
  A steam dragon (D:9)
  5 water moccasins
  A porcupine (Lair:1)
  An eye of draining (D:11)
  2 black bears
  2 ice beasts
  An orc wizard (Lair:6)
  A centaur (D:11)
  5 wolves
  3 crocodiles
  6 bullfrogs
  A gnoll sergeant (D:10)
  A scorpion (Lair:3)
  A bullfrog zombie (D:12)
  An orc priest (D:9)
  2 gnolls (D:10)
  An orc (D:12)
  A kobold (D:11)
  A bush (Lair:6)
  5 fungi
  7 plants
98 creatures vanquished.

Vanquished Creatures (others)
  A large abomination (Abyss:2)
  An orc knight (Lair:3)
  A wizard (Gauntlet)
  2 orc priests
  An orc wizard (Spider:3)
  A white imp (Gauntlet)
  4 orcs
  10 fungi
  9 plants
  2 starspawn tentacles (Abyss:2)
32 creatures vanquished.

Grand Total: 707 creatures vanquished

Notes
Turn   | Place    | Note
-------+----------+-------------------------------------------
     0 | D:1      | AlexTheUnready the Hill Orc Gladiator began the quest for
                  | the Orb.
     0 | D:1      | Reached XP level 1. HP: 18/18 MP: 1/1
     6 | D:1      | Noticed a queen ant
     6 | D:1      | Noticed a tyrant leech
     6 | D:1      | Noticed a komodo dragon
     7 | D:1      | Noticed a frost giant
   288 | D:1      | Reached XP level 2. HP: 22/25 MP: 2/2
   576 | D:1      | Reached skill level 5 in Axes
   725 | D:1      | Reached XP level 3. HP: 28/30 MP: 3/3
   976 | D:2      | Reached XP level 4. HP: 14/38 MP: 4/4
  1206 | D:2      | Found a blossoming altar of Fedhas.
  1226 | D:2      | Found a radiant altar of Vehumet.
  1315 | D:2      | Reached skill level 6 in Axes
  1537 | D:2      | Reached skill level 1 in Armour
  1703 | D:3      | Reached XP level 5. HP: 44/45 MP: 5/5
  2003 | D:3      | Reached skill level 7 in Axes
  2146 | D:3      | Found a shadowy altar of Dithmenos.
  2398 | D:3      | Reached XP level 6. HP: 49/51 MP: 6/6
  2431 | D:3      | Found a sparkling altar of Nemelex Xobeh.
  2431 | D:3      | Noticed Jessica
  2439 | D:3      | Killed Jessica
  2470 | D:3      | Found a faded altar of an unknown god.
  2636 | D:3      | Noticed Blork the orc
  2651 | D:3      | Killed Blork the orc
  2651 | D:3      | Reached skill level 8 in Axes
  2657 | D:3      | Found a shimmering blue altar of Sif Muna.
  2789 | D:4      | Noticed Duvessa
  2789 | D:4      | Noticed Dowan
  2945 | D:4      | Killed Duvessa
  2945 | D:4      | Reached XP level 7. HP: 27/58 MP: 7/7
  3119 | D:4      | Killed Dowan
  3119 | D:4      | Reached skill level 9 in Axes
  3168 | D:4      | Found an iron altar of Okawaru.
  3187 | D:4      | Noticed Eustachio
  3202 | D:4      | Killed Eustachio
  3361 | D:4      | Noticed Sigmund
  3376 | D:4      | Reached skill level 10 in Axes
  3450 | D:4      | Killed Sigmund
  3450 | D:4      | Reached XP level 8. HP: 45/67 MP: 8/8
  3577 | D:4      | Found Fydokh's Assorted Antiques.
  3580 | D:4      | Bought a brown potion for 20 gold pieces
  3580 | D:4      | Bought an emerald potion for 20 gold pieces
  3580 | D:4      | Bought 2 fizzy ruby potions for 41 gold pieces
  3580 | D:4      | Bought a scroll labeled AXZAHE ODEMNE for 23 gold pieces
  3580 | D:4      | Bought a scroll of identify for 46 gold pieces
  3716 | D:4      | Found Obontucinn's Gadget Shoppe.
  4041 | D:4      | Found Jacu Hoegroll's Gadget Shop.
  4236 | D:4      | Found an opulent altar of Gozag.
  4418 | D:4      | Bought a scroll of identify for 46 gold pieces
  4436 | D:5      | Entered Level 5 of the Dungeon
  4462 | D:5      | Reached skill level 11 in Axes
  4501 | D:5      | Reached skill level 5 in Fighting
  4613 | D:5      | Found a staircase to the Ecumenical Temple.
  4706 | Temple   | Entered the Ecumenical Temple
  4983 | D:5      | Became a worshipper of Beogh the Brigand
  5184 | D:5      | Reached skill level 1 in Invocations
  5441 | D:6      | Found a snail-covered altar of Cheibriados.
  5445 | D:6      | Noticed Edmund
  5465 | D:5      | Reached skill level 12 in Axes
  5650 | D:6      | Reached XP level 9. HP: 56/74 MP: 10/10
  5687 | D:6      | Reached * piety under Beogh
  5691 | D:6      | Found a sparkling altar of Nemelex Xobeh.
  5726 | D:6      | Found a sand-covered staircase.
  5727 | D:6      | Found a shimmering altar of Xom.
  5740 | Ossuary  | Entered an ossuary
  6057 | Ossuary  | Reached skill level 13 in Axes
  6374 | D:6      | Killed Edmund
  6629 | D:7      | Reached ** piety under Beogh
  7133 | D:7      | Found a glowing golden altar of the Shining One.
  7181 | D:7      | Reached skill level 14 in Axes
  7272 | D:7      | Found a hazy altar of Hepliaklqana.
  7737 | D:8      | Reached *** piety under Beogh
  7737 | D:8      | Reached XP level 10. HP: 82/84 MP: 13/13
  7807 | D:8      | Found a bloodstained altar of Trog.
  7974 | D:8      | Reached skill level 5 in Armour
  8408 | D:8      | Reached skill level 15 in Axes
  8424 | D:8      | Reached skill level 5 in Invocations
  8549 | D:8      | Found a sacrificial altar of Ru.
  8753 | D:9      | Gained Bogbarth as an ally
  8766 | D:9      | Reached skill level 16 in Axes
  8892 | D:9      | Found a staircase to the Lair.
  8939 | Lair:1   | Entered Level 1 of the Lair of Beasts
  8953 | Lair:1   | Reached XP level 11. HP: 92/92 MP: 15/15
  9102 | D:9      | Reached **** piety under Beogh
  9138 | D:9      | Identified the Tome of Shifting Beguiling
  9229 | D:9      | Got a smoking amber ring
  9232 | D:9      | Identified the ring "Gohomad" {+Fly rF+} (You found it on
                  | level 9 of the Dungeon)
  9816 | Lair:1   | Reached skill level 17 in Axes
  9838 | Lair:1   | HP: 4/94 [poisoned by a spiny frog]
  9845 | Lair:1   | HP: 3/94 [poisoned by a spiny frog]
  9852 | Lair:1   | HP: 3/94 [poisoned by a spiny frog]
  9860 | Lair:1   | HP: 3/94 [poisoned by a spiny frog]
 10322 | Lair:1   | Noticed Erica
 10330 | Lair:1   | Killed Erica
 10552 | Lair:1   | Got a scorched scale mail
 10977 | Lair:2   | Noticed a fire dragon
 10982 | Lair:2   | Killed a fire dragon
 11788 | Lair:2   | Noticed a manticore
 11806 | Lair:2   | Killed a manticore
 11965 | Lair:2   | Found a staircase to the Shoals.
 12211 | Lair:2   | Found a hole to the Spider Nest.
 12211 | Lair:2   | Noticed an orb spider
 12228 | Lair:2   | Killed an orb spider
 12581 | Lair:3   | Noticed a death yak
 12591 | Lair:3   | Killed a death yak
 12596 | Lair:3   | Noticed a death yak
 12602 | Lair:3   | Noticed a death yak
 12602 | Lair:3   | Noticed a death yak
 12603 | Lair:3   | Noticed a death yak
 12616 | Lair:2   | Killed a death yak
 12616 | Lair:2   | Reached XP level 12. HP: 83/104 MP: 17/17
 12952 | Lair:3   | Found an ancient bone altar of Kikubaaqudgha.
 13040 | Lair:3   | Killed a death yak
 13053 | Lair:3   | Killed a death yak
 13057 | Lair:3   | Killed a death yak
 13423 | Lair:3   | Noticed a five-headed hydra
 13426 | Lair:3   | Killed a five-headed hydra
 13806 | Lair:3   | Reached skill level 18 in Axes
 13962 | Lair:3   | Reached skill level 10 in Fighting
 13988 | Lair:3   | Reached skill level 1 in Evocations
 14230 | Lair:3   | Reached skill level 1 in Shields
 14548 | Lair:4   | Noticed a five-headed hydra
 14558 | Lair:4   | Killed a five-headed hydra
 14786 | Lair:4   | Reached XP level 13. HP: 106/116 MP: 20/20
 14786 | Lair:4   | Reached skill level 10 in Invocations
 15725 | Lair:5   | Found a viscous altar of Jiyva.
 15725 | Lair:5   | Found a staircase to the Slime Pits.
 15752 | Lair:5   | Reached skill level 10 in Armour
 16274 | Lair:5   | Found the ring of the Mage {Wiz MR++ Int+3}
 16501 | Lair:5   | Got a blackened trident
 16794 | Lair:6   | Entered Level 6 of the Lair of Beasts
 16910 | Lair:6   | Reached ***** piety under Beogh
 17117 | D:10     | Entered Level 10 of the Dungeon
 17117 | D:10     | Noticed Joseph
 17129 | D:10     | Killed Joseph
 17185 | D:10     | Reached skill level 5 in Throwing
 17943 | Lair:6   | Noticed Rupert
 17948 | Lair:6   | Killed Rupert
 18945 | Lair:6   | Reached XP level 14. HP: 83/129 MP: 22/22
 18950 | Lair:6   | Noticed a dire elephant
 19163 | Lair:6   | Killed a dire elephant
 20184 | D:11     | Gained Bogrim as an ally
 20325 | D:11     | Found a gate leading to a gauntlet.
 20335 | Gauntlet | Entered a Gauntlet
 20335 | Gauntlet | Found a transporter.
 20335 | Gauntlet | Found a transporter.
 20379 | Gauntlet | Found a transporter.
 20379 | Gauntlet | Found a transporter.
 20388 | Gauntlet | Found a transporter.
 20409 | Gauntlet | Found a transporter.
 20417 | Gauntlet | Found a transporter.
 20417 | Gauntlet | Found a transporter.
 20422 | Gauntlet | Found a transporter.
 20451 | Gauntlet | Found a transporter.
 20458 | Gauntlet | Found a transporter.
 20500 | Gauntlet | Found a transporter.
 20515 | Gauntlet | Found a transporter.
 20533 | Gauntlet | Found a transporter.
 20632 | Gauntlet | Found a transporter.
 20646 | Gauntlet | Found a transporter.
 21250 | Gauntlet | Gained Arbolt as an ally
 21250 | Gauntlet | Gained Boghold as an ally
 21406 | Gauntlet | Got a pitted jade amulet
 21410 | Gauntlet | Got an ivory falchion
 21475 | Gauntlet | Identified the +6 flail of Fiqil {drain, Str+8}
 21476 | Gauntlet | Your ally Boghold died
 21493 | Gauntlet | Identified Ferpha Vigu's Guide on Conjuration
 21745 | D:11     | Identified the +5 falchion of Miulel Rong {vorpal, rElec
                  | MP+9 Int+4 Stlth+} (You found it in a Gauntlet)
 21746 | D:11     | Identified the +3 scale mail of Daetos {*Slow +Blink rC+
                  | rN+} (You found it on level 1 of the Lair of Beasts)
 22442 | D:11     | Your ally Bogrim died
 23073 | D:12     | Found a staircase to the Orcish Mines.
 23170 | D:12     | Found a stormy altar of Qazlal.
 23244 | D:12     | Found a transporter.
 23289 | D:12     | Found a transporter.
 23290 | D:12     | Identified the +8 triple sword of Glamorous Guile {distort,
                  | rN++}
 23342 | D:12     | Noticed Thomus's ghost (journeyman DECj)
 23664 | D:12     | Gained Wargath as an ally
 24503 | Spider:1 | Entered Level 1 of the Spider Nest
 26477 | Spider:2 | Noticed an entropy weaver
 26480 | Spider:2 | Killed an entropy weaver
 26480 | Spider:2 | Reached skill level 15 in Fighting
 27366 | Spider:2 | Noticed an emperor scorpion
 27933 | Spider:1 | Reached XP level 15. HP: 118/141 MP: 24/24
 28345 | Spider:2 | Noticed an emperor scorpion
 28984 | Spider:1 | Killed an emperor scorpion
 29492 | Spider:1 | Killed an emperor scorpion
 31521 | Spider:3 | Got an ebony arbalest
 32250 | Lair:1   | Identified the +4 arbalest of Spite {penet, MR++ Str-4}
                  | (You found it on level 3 of the Spider Nest)
 32326 | Shoals:1 | Entered Level 1 of the Shoals
 32357 | Shoals:1 | Reached skill level 5 in Shields
 32590 | Shoals:1 | Cast into level 2 of the Abyss (merfolk aquamancer)
 32804 | Abyss:2  | HP: 2/141 [starcursed mass/accursed screaming (8)]
 33095 | Abyss:2  | Noticed a tentacled starspawn
 33110 | Abyss:2  | Paralysed by accursed screaming for 1 turns
 33242 | Abyss:2  | Noticed a bone dragon
 33248 | Abyss:2  | Noticed a lich
 33262 | Abyss:2  | Noticed a tentacled starspawn
 33263 | Abyss:2  | HP: 3/100 [raiju/living lightning (5)]
 33266 | Abyss:2  | Killed from afar by a raiju

Illustrated notes

Levels and vault maps discovered:
D:1:      onia_arrival_zoo_common, layout_loops_cross
D:2:      layout_rooms, fedhas_altar_3, lemuel_crystal_altar,
          grunt_ministairs_5, patterned_corridor
D:3:      layout_basic, grunt_dithmenos_smoke_and_mirrors, tgw_sif,
          chequers_ecumenical_altar_simple_redux, st_stairs_5,
          hangedman_decor_peaks_small, kennysheep_cross_room,
          nemelex_lonely_heart_becter, uniq_jessica
D:4:      layout_basic, overflow_temple_1_default, serial_shops,
          kennysheep_mini_moat, shop,
          nicolae_shop_temple_entry_statues_fountains, grunt_gozag_statues,
          uniq_eustachio, uniq_sigmund, uniq_duvessa
D:5:      cheibrodos_barr_body, layout_cave_pools, minmay_temple_entry_trees,
          first_ration
D:6:      layout_rooms, nicolae_overflow_crystal_walls, xom_butterflies,
          overflow_temple_1_default, enter_ossuary_1, uniq_edmund
D:7:      layout_loops_ring, old_standard_altar, tso_metal_star
D:8:      layout_loops_ring, bloody_trog, lemuel_coloured_pillars_altar,
          grunt_livestock
D:9:      layout_rooms, due_lair_maze_entry_diamond
D:10:     kennysheep_spiral_hall, layout_gridville, okawaru_humans, uniq_joseph,
          uniq_urug
D:11:     layout_roguey, gauntlet_entry_generic
D:12:     layout_irregular_city, orc_0_dummy, serial_glass, glass_columns_b,
          glass_columns_c, gammafunk_ghost_abyssal_escape, basic_altar,
          library_closet
Temple:   compressed_dpeg_circular_temple
Lair:1:   layout_roguey, grunt_megastairs_1, infiniplex_staircase_pool,
          uniq_erica
Lair:2:   dragon1_lemuel, layout_cave_shapes, minmay_shoals_entry_beasts,
          nicolae_spider_entry_orb_guardian, wad_woods_road_05
Lair:3:   layout_chaotic_city, basic_altar
Lair:4:   layout_regular_city
Lair:5:   layout_cave_pods, slime_altar_1, minivault_27,
          bh_autumn_forest_stairs, chequers_serial_rivers_micro_b,
          beast_lair_carwin_9
Lair:6:   grunt_lair_end_beastmaster, layout_misc_corridors, uniq_rupert
Shoals:1: layout_shoals, wheals_shoals_ruined_temple, uniq_josephine
Spider:1: layout_spider_delve
Spider:2: layout_spider_delve
Spider:3: layout_spider_delve, nicolae_spider_stair_cavern
Abyss:2:  base: D:1, hangedman_abyss_sting, hangedman_relentless_pull

Skill      XL: |  1  2  3  4  5  6  7  8  9 10 11 12 13 14 15 |
---------------+----------------------------------------------+-----
Throwing       | 2 3 4 5 6 7 |  7.4
Axes           | 5 6 7 8 10 12 14 16 17 18 | 18.0
Fighting       | 3 4 5 6 7 9 11 13 15 | 15.6
Armour         | 1 3 4 5 8 9 11 12 13 | 13.7
Invocations    | 2 4 5 7 9 11 12 14 | 14.1
Evocations     | 1 |  1.2
Shields        | 1 3 4 5 |  5.5
Dodging        | |  2.4

Action                   |  1- 3 |  4- 6 |  7- 9 | 10-12 | 13-15 || total
-------------------------+-------+-------+-------+-------+-------++-------
Melee: War axe           |    97 |   171 |   510 |   478 |  1077 ||  2333
Throw: Boomerang         |       |     9 |     5 |    16 |   137 ||   167
       Dart              |       |       |       |    12 |    48 ||    60
       Javelin           |       |       |       |       |     3 ||     3
Invok: Convert to Beogh  |       |       |     1 |       |       ||     1
       Smiting           |       |       |       |    12 |    37 ||    49
       Recall Orcish Fol |       |       |       |     1 |     3 ||     4
       Give Item to Name |       |       |       |       |     4 ||     4
       Stop Recall       |       |       |       |       |     2 ||     2
Evoke: Wand              |       |       |       |     4 |    11 ||    15
  Use: Scroll            |       |     6 |     4 |     1 |    20 ||    31
       Potion            |       |       |       |       |     7 ||     7
 Stab: Distracted        |       |       |       |     2 |     6 ||     8
  Eat: Chunk             |       |     6 |    10 |    20 |    33 ||    69
       Ration            |       |       |     2 |     1 |     8 ||    11
Armor: Leather armour    |    56 |    41 |       |       |       ||    97
       Scale mail        |       |    51 |   238 |   240 |   262 ||   791
       Plate armour      |       |       |       |       |   558 ||   558
Dodge: Dodged            |   101 |   127 |   193 |   207 |   424 ||  1052
Block: Buckler           |       |       |       |    22 |   162 ||   184
       Kite shield       |       |       |       |       |   152 ||   152
